 Dungeon Crawl Stone Soup version 0.20.1-1-g8b1a95d (webtiles) character file.

62 Schiappus the Skirmisher (level 3, -4/30 HPs)
             Began as a Demonspawn Berserker on Sept 18, 2017.
             Was a Believer of Trog.
             Slain by an adder (5 damage)
             ... on level 2 of the Dungeon.
             The game lasted 00:05:18 (1565 turns).

Schiappus the Skirmisher (Demonspawn Berserker)     Turns: 1565, Time: 00:05:19

Health: -4/30      AC:  2    Str: 17    XL:     3   Next: 85%
Magic:  12/12      EV: 12    Int:  8    God:    Trog [**....]
Gold:   71         SH:  0    Dex: 13    Spells: 2/2 levels left

rFire    . . .     SeeInvis .   j - +1 short sword (venom)
rCold    . . .     Gourm    .   (no shield)
rNeg     + . .     Faith    .   b - +0 animal skin
rPois    .         Spirit   .   (no helmet)
rElec    .         Reflect  .   (no cloak)
rCorr    .         Harm     .   (no gloves)
MR       .....                  (no boots)
Stlth    ++........             (no amulet)
Regen    0.1/turn               e - ring of positive energy
MPRegen  0.2/turn               h - ring of magical power

@: lethally poisoned (-4 -> -17)
A: talons 1, nightstalker 1
a: Berserk, Trog's Hand, Burn Spellbooks, Renounce Religion


You were on level 2 of the Dungeon.
You worshipped Trog.
Trog was pleased with you.
You were not hungry.

You visited 1 branch of the dungeon, and saw 2 of its levels.

You collected 71 gold pieces.

Inventory:

Hand Weapons
 a - a +0 hand axe
 j - a +1 short sword of venom (weapon)
Armour
 b - a +0 animal skin (worn)
Jewellery
 e - a ring of positive energy (left hand)
 h - a ring of magical power (right hand)
Scrolls
 f - a scroll of enchant weapon {unknown}
 g - a scroll of teleportation
Potions
 d - a potion of haste
 i - a potion of agility {unknown}


   Skills:
 + Level 3.7 Fighting
 + Level 0.5 Short Blades
 + Level 3.3 Axes
 + Level 1.8 Armour
 + Level 2.2 Dodging
 + Level 0.4 Stealth


You had 2 spell levels left.
You didn't know any spells.

Dungeon Overview and Level Annotations

Branches:
Dungeon (2/15)

Altars:


Innate Abilities, Weirdness & Mutations

You have sharp toenails.
You are slightly more attuned to the shadows.


Message History

The adder poisons you! The hobgoblin barely misses you.
You closely miss the adder. You claw the adder.
The adder is heavily wounded.
* * * LOW HITPOINT WARNING * * *
You feel sick. The adder misses you. The hobgoblin barely misses you.
The adder barely misses you.
You miss the adder.
The adder is heavily wounded.
* * * LOW HITPOINT WARNING * * *
You feel sick.
The hobgoblin hits you but does no damage.
The adder bites you.
* * * LOW HITPOINT WARNING * * *
You are more poisoned.
The adder poisons you!
You closely miss the adder. You claw the adder, but do no damage.
The adder is heavily wounded.
* * * LOW HITPOINT WARNING * * *
You feel sick. The adder bites you.
You die...

≈≈≈≈≈..................
≈≈≈P≈≈≈≈!≈≈≈≈..≈.....≈.
≈≈≈≈≈≈≈P≈≈P≈≈≈≈≈≈P..P≈##
≈≈≈≈≈≈≈≈≈≈≈≈≈≈≈≈≈≈≈≈P≈≈≈
≈≈≈≈≈≈≈≈≈≈≈≈≈≈≈≈≈≈≈≈≈≈≈≈
..≈.≈≈PS.P≈.P≈PP≈≈≈≈≈≈≈≈
...≈.≈≈@....≈..≈≈.≈.≈###
......g)#...†...........
.......###..............
.....##.#....#..........
..... ...##.#.######...
..... .... ..#.# #....
#.## #.#.......# ##....
#.##.###### #.....
#.#...


You could see an adder and a hobgoblin.

Vanquished Creatures
  An adder (D:2)
  An ooze (D:1)
  A worm (D:2)
  3 dart slugs
  A leopard gecko (D:2)
  6 bats
  6 giant cockroaches
  8 goblins
  A hobgoblin (D:1)
  A jackal (D:1)
  A quokka (D:2)
  A frilled lizard (D:1)
  2 kobolds (D:1)
  3 rats
36 creatures vanquished.

Notes
Turn   | Place    | Note
-------+----------+-------------------------------------------
     0 | D:1      | Schiappus the Demonspawn Berserker began the quest for the Orb.
     0 | D:1      | Reached XP level 1. HP: 18/18 MP: 1/1
   187 | D:1      | Gained mutation: You are slightly more attuned to the shadows. [demonic ancestry]
   187 | D:1      | Reached XP level 2. HP: 21/24 MP: 2/2
   956 | D:1      | Gained mutation: You have sharp toenails. [demonic ancestry]
   956 | D:1      | Reached XP level 3. HP: 28/29 MP: 3/3
  1027 | D:2      | Reached ** piety under Trog
  1565 | D:2      | HP: 1/30 [poisoned by an adder]
  1565 | D:2      | Slain by an adder

Skill      XL: |  1  2 |
---------------+-------+-----
Dodging        | 2 |  2.2
Axes           | 3 |  3.3
Fighting       | |  3.7
Short Blades   | |  0.5
Armour         | |  1.8
Stealth        | |  0.4

Action                   || total
-------------------------++-------
Melee: Hand axe          ||    61
       Short sword       ||    47
       Kick              ||    12
  Use: Scroll            ||     3
 Stab: Sleeping          ||     3
       Distracted        ||     1
  Eat: Bread ration      ||     1
Armor: Animal skin       ||    34
Dodge: Dodged            ||   110
